 Dungeon Crawl Stone Soup version 0.28-a0-883-gc8d7bad45d (webtiles) character file.

Game seed: 17038048228697283742

665 bande the Chopper (level 7, -16/44 HPs)
             Began as a Gargoyle Fighter on Nov 21, 2021.
             Demolished by a two-headed ogre (23 damage)
             ... on level 5 of the Dungeon.
             The game lasted 00:08:11 (5070 turns).

bande the Chopper (Gargoyle Fighter)                Turns: 5070, Time: 00:08:12

Health: -16/44     AC: 20    Str: 20    XL:     7   Next: 57%
Magic:  6/6        EV:  9    Int:  9    God:
Gold:   144        SH:  4    Dex: 10    Spells: 6/6 levels left

rFire   + . .      SeeInvis .   a - +0 war axe
rCold   . . .      Faith    .   c - +0 buckler
rNeg    + . .      Spirit   .   b - +0 scale mail
rPois   ∞          Reflect  .   (no helmet)
rElec   +          Harm     .   j - +0 cloak {rPois}
rCorr   .          Rampage  .   h - +1 pair of gloves
Will    .....                   n - +0 pair of boots
Stlth   ..........              (no amulet)
HPRegen 0.14/turn               e - +4 ring of protection
MPRegen 0.10/turn               p - ring of protection from fire

@: no status effects
A: sickness immunity, AC +4, negative energy resistance 1, electricity
resistance, torment resistance 1, petrification resistance, low mp 1
a: no special abilities


You were on level 5 of the Dungeon.
You visited 1 branch of the dungeon, and saw 5 of its levels.

You collected 144 gold pieces.

Inventory:

Hand Weapons
 a - a +0 war axe (weapon)
 g - a +0 flail
 k - a +1 vorpal mace
Armour
 b - a +0 scale mail (worn)
 c - a +0 buckler (worn)
 h - a +1 pair of gloves (worn)
 j - a +0 cloak of poison resistance (worn)
 n - a +0 pair of boots (worn)
Jewellery
 e - a +4 ring of protection (left hand)
 m - a ring of see invisible
 p - a ring of protection from fire (right hand)
Scrolls
 s - 2 scrolls of teleportation
Potions
 d - 2 potions of might
 f - 3 potions of curing
 i - 2 potions of flight
 l - 3 potions of heal wounds
 o - 3 potions of degeneration {unknown}
 q - a potion of berserk rage {unknown}
 r - 2 potions of lignification {unknown}


   Skills:
 + Level 4.4 Fighting
 + Level 5.6 Axes
 + Level 5.1 Armour
 + Level 4.6 Shields


You had 6 spell levels left.
You didn't know any spells.
Your spell library contained the following spells:

 Spells                   Type           Power      Damage    Failure   Level
 Animate Skeleton         Necr           0%         N/A       73%         1
 Apportation              Tloc           0%         N/A       73%         1
 Summon Small Mammal      Summ           0%         N/A       73%         1


Dungeon Overview and Level Annotations

Branches:
Dungeon (5/15)
 Temple: D:4-7

Altars:
Okawaru
Wu Jian
Zin


Innate Abilities, Weirdness & Mutations

You are immune to sickness and miasma.
Your stone body is resilient. (AC +4)
You are immune to poison.
You resist negative energy. (rN+)
You are resistant to electric shocks. (rElec)
You are resistant to unholy torment.
You are immune to petrification.
Your magical capacity is low. (-10% MP)


Message History

The centaur zombie is severely damaged.
The centaur zombie hits you but does no damage.
The centaur zombie kicks you but does no damage.
The centaur zombie barely misses you. x2
You hit the centaur zombie.
The centaur zombie is severely damaged.
The centaur zombie misses you. The centaur zombie barely misses you.
The centaur zombie hits you but does no damage.
The centaur zombie kicks you but does no damage.
You hit the centaur zombie.
The centaur zombie is almost destroyed.
The centaur zombie hits you but does no damage.
The centaur zombie kicks you but does no damage.
You slash the centaur zombie!
You destroy the centaur zombie!
No target in view!
No target in view!
No target in view!
No target in view!
A two-headed ogre comes into view.
It is wielding a +0 giant club and a +0 giant spiked club.
Found an iron altar of Okawaru.
The two-headed ogre shouts in stereo!
Found 22 gold pieces.
An ogre comes into view. It is wielding a +0 giant spiked club.
The ogre shouts!
The two-headed ogre barely misses you.
The two-headed ogre hits you with a +0 giant spiked club.
You hit the two-headed ogre but do no damage.
You block the two-headed ogre's attack.
The two-headed ogre hits you with a +0 giant spiked club!
You barely miss the two-headed ogre. You slash the ogre!
The two-headed ogre hits you with a +0 giant club!!
* * * LOW HITPOINT WARNING * * *
You block the two-headed ogre's attack. The ogre misses you.
You slash the two-headed ogre!
The two-headed ogre is lightly wounded.
You closely miss the ogre.
The two-headed ogre hits you with a +0 giant club!!
Ouch! That really hurt!
You die...

#..# #... ..##
##### ... ....# #.#
###...## ##.#
.......######..#
#.#.#..........##
#.._..O@.......#
..#.#..O.#......#
..
...................
# #.#
#$#......######....
.####.. #...###..#
..... ...... ##.#
#.[# ..### .....
#.# ##.. ## .... ..
#... ...#


You could see a two-headed ogre and an ogre.

Vanquished Creatures
  A necrophage (D:4)
  An ogre (D:5)
  A scorpion (D:4)
  A water moccasin skeleton (D:4)
  A hound (D:4)
  A centaur zombie (D:5)
  2 orc priests (D:4)
  A bullfrog skeleton (D:4)
  Crazy Yiuf (D:2)
  An iguana (D:4)
  An orc wizard (D:4)
  4 adders
  2 ufetubi (D:4)
  A worm (D:3)
  2 dart slugs
  9 orcs
  9 endoplasms
  4 giant cockroaches
  11 hobgoblins
  7 jackals
  4 quokkas (D:1)
  11 ball pythons
  8 bats
  10 goblins
  10 kobolds
  7 rats
111 creatures vanquished.

Notes
Turn   | Place    | Note
-------+----------+-------------------------------------------
     0 | D:1      | bande the Gargoyle Fighter began the quest for the Orb.
     0 | D:1      | Reached XP level 1. HP: 14/14 MP: 1/1
    60 | D:1      | Reached XP level 2. HP: 11/19 MP: 2/2
   237 | D:1      | Found a faded altar of an unknown god.
   619 | D:1      | Reached XP level 3. HP: 23/23 MP: 3/3
  1759 | D:2      | Reached XP level 4. HP: 26/28 MP: 4/4
  2027 | D:2      | Found a runed translucent door.
  2028 | D:2      | Noticed Crazy Yiuf
  2160 | D:2      | Killed Crazy Yiuf
  2540 | D:3      | Reached XP level 5. HP: 32/33 MP: 5/5
  3103 | D:4      | Noticed a necrophage
  3126 | D:4      | Killed a necrophage
  3127 | D:4      | Reached XP level 6. HP: 14/38 MP: 6/6
  3417 | D:4      | Found an ornate altar of the Wu Jian Council.
  3559 | D:4      | Gained mutation: Your magical capacity is low. (-10% MP)
                  | [potion of mutation]
  3697 | D:4      | Reached XP level 7. HP: 30/43 MP: 6/6
  3992 | D:4      | Found a glowing silver altar of Zin.
  4083 | D:4      | Reached skill level 5 in Axes
  4447 | D:5      | Entered Level 5 of the Dungeon
  4555 | D:5      | HP: 1/43 [ogre (4)]
  4563 | D:5      | Reached skill level 5 in Armour
  5064 | D:5      | Found an iron altar of Okawaru.
  5064 | D:5      | Noticed a two-headed ogre
  5070 | D:5      | Demolished by a two-headed ogre

Illustrated notes

Levels and vault maps discovered:
D:1:      dpeg_arrival_shelter, layout_loops_ring, ebering_ecumenical_altar_hall
D:2:      layout_rooms, uniq_crazy_yiuf_cottage
D:3:      layout_loops_ring
D:4:      layout_basic, mainiacjoe_overflow_boulevard, zin_statuary,
          kennysheep_generic_room_13
D:5:      layout_layer_cave, general_overflow_altar, okawaru_metal_pillars_1_2,
          minmay_misc_feat_columns, minmay_misc_feat_tiny,
          kennysheep_generic_room_11

Skill      XL: |  1  2  3  4  5  6  7 |
---------------+----------------------+-----
Axes           | 2 3 4 5 |  5.6
Armour         | 4 5 |  5.1
Shields        | 4 |  4.6
Fighting       | 4 |  4.4

Action                   |  1- 3 |  4- 6 |  7- 9 || total
-------------------------+-------+-------+-------++-------
Melee: War axe           |   128 |   185 |    46 ||   359
  Use: Scroll            |     2 |     6 |     2 ||    10
       Potion            |       |     1 |     1 ||     2
Armor: Scale mail        |    81 |   154 |    24 ||   259
Dodge: Dodged            |    64 |   115 |    26 ||   205
Block: Buckler           |    42 |    57 |    10 ||   109

Table legend: (Time is in decaauts)
 A = Elapsed time spent in this place.
 B = Non-inter-level travel time spent in this place.
 C = Inter-level travel time spent in this place.
 D = Time resting spent in this place.
 E = Time spent auto-exploring this place.
 F = Levels seen in this place.
 G = Mean time per level.
                   A        B        C        D        E       F      G
               +--------+--------+--------+--------+--------+-----+--------+
         Total |   5190 |   5140 |     50 |   1435 |   2655 |   5 | 1038.0 |
       Dungeon |   5190 |   5140 |     50 |   1435 |   2655 |   5 | 1038.0 |
               +--------+--------+--------+--------+--------+-----+--------+

Top non-repeatable levels by time:
     D:1: 1404 daAuts
     D:4: 1191 daAuts
     D:2: 1032 daAuts
     D:3: 935 daAuts
     D:5: 628 daAuts
